 Dungeon Crawl Stone Soup version 0.27-a0-1301-g128193abf8 (webtiles) character file.

Game seed: 3732801269972498343

15081 Shayle the Covert (level 11, -2/89 HPs)
             Began as a Demonspawn Enchanter on June 17, 2021.
             Was a Believer of Wu Jian.
             Killed from afar by a tengu reaver (24 damage)
             ... with a bolt of lightning
             ... on level 13 of the Dungeon.
             The game lasted 00:50:42 (14116 turns).

Shayle the Covert (Demonspawn Enchanter)           Turns: 14116, Time: 00:50:43

Health: -2/89      AC: 18    Str: 10    XL:     11   Next: 97%
Magic:  14/14      EV: 20    Int: 19    God:    Wu Jian [**....]
Gold:   594        SH:  0    Dex: 13    Spells: 8/14 levels left

rFire    + . .     SeeInvis +   v - +4 rapier (venom)
rCold    . . .     Faith    .   (no shield)
rNeg     . . .     Spirit   .   j - +3 leather armour
rPois    .         Reflect  .   (helmet restricted)
rElec    .         Harm     .   D - +2 cloak
rCorr    .         Rampage  .   l - +2 pair of gloves
Will     .....                  e - +1 pair of boots
Stlth    +++++.....             h - amulet of regeneration
HPRegen  1.24/turn              u - ring of protection from fire
MPRegen  0.14/turn              K - ring of see invisible

@: agile, lethally poisoned (-2 -> -16), studying Axes
A: antennae 2, yellow scales 2, powered by pain 3, spiny 1
a: Renounce Religion, Wall Jump


You were on level 13 of the Dungeon.
You worshipped Wu Jian.
Wu Jian was pleased with you.
You visited 3 branches of the dungeon, and saw 15 of its levels.

You collected 1104 gold pieces.
You spent 510 gold pieces at shops.

Inventory:

Hand Weapons
 a - a +1 dagger
 s - a +3 hand axe
 v - a +4 rapier of venom (weapon)
 C - a +2 whip of flaming
 E - a +4 quarterstaff of chaos
 U - a +2 vorpal long sword
 X - the +6 war axe of Fighy {freeze, *Rage Drain rF+++ Str+8}
   (You found it on level 12 of the Dungeon)

   It has been specially enchanted to freeze those struck by it, causing extra
   injury to most foes and up to half again as much damage against particularly
   susceptible opponents.
   It can also slow down cold-blooded creatures.
   It affects your strength (+8).
   It renders you almost immune to fire.
   It may make you go berserk in combat.
   It drains your maximum health when unequipped.
Missiles
 x - 6 curare-tipped darts
 I - 10 poisoned darts
 Q - 2 throwing nets
Armour
 b - a +0 robe
 e - a +1 pair of boots (worn)
 i - a +0 helmet
 j - a +3 leather armour (worn)
 l - a +2 pair of gloves (worn)
 t - a +1 animal skin
 D - a +2 cloak (worn)
 W - a +0 troll leather armour
Jewellery
 f - an amulet of guardian spirit
 h - an amulet of regeneration (around neck)
 o - an amulet of magic regeneration
 u - a ring of protection from fire (left hand)
 y - an amulet of faith
 z - a ring of fire
 K - a ring of see invisible (right hand)
Wands
 c - a wand of acid (15)
 q - a wand of flame (43)
 B - a wand of charming (8)
 J - a wand of digging (4)
 L - a wand of paralysis (10)
 S - a wand of mindburst (10)
 T - a wand of polymorph (8)
Scrolls
 g - 3 scrolls of identify
 w - a scroll of amnesia
 G - 2 scrolls of teleportation
 R - a scroll of fear
 V - 2 scrolls of enchant weapon
Potions
 d - 5 potions of lignification
 k - 2 potions of cancellation
 m - 3 potions of brilliance
 n - 3 potions of degeneration
 p - 3 potions of haste
 r - 2 potions of heal wounds
 A - 2 potions of resistance
 F - 2 potions of attraction
 H - 2 potions of curing
 M - 3 potions of might
 N - a potion of berserk rage
 O - a potion of flight
 P - a potion of ambrosia


   Skills:
 + Level 9.0 Fighting
 - Level 0.8(2.3) Short Blades
 + Level 3.4(3.5) Long Blades
 + Level 5.4 Armour
 + Level 8.5 Dodging
 + Level 11.4 Stealth
 - Level 2.0 Spellcasting
 + Level 3.4 Hexes
 + Level 1.2 Ice Magic
 + Level 5.9 Evocations


You had 8 spell levels left.
You knew the following spells:

 Your Spells              Type           Power      Damage    Failure   Level
a - Corona                Hex            15%        N/A       5%          1
b - Ensorcelled Hibernat  Hex/Ice        20%        N/A       13%         2
c - Confusing Touch       Hex            14%        N/A       17%         3

Your spell library contained the following spells:

 Spells                   Type           Power      Damage    Failure   Level
 Slow                     Hex            14%        N/A       9%          2
 Tukima's Dance           Hex            14%        N/A       17%         3
 Shock                    Conj/Air       4%         1d3       22%         1
 Poisonous Vapours        Pois/Air       2%         N/A       32%         2
 Static Discharge         Conj/Air       1%         N/A       32%         2
 Dazzling Flash           Conj/Hex       16%        N/A       32%         3
 Inner Flame              Hex/Fire       8%         N/A       32%         3
 Portal Projectile        Hex/Tloc       16%        N/A       32%         3
 Cause Fear               Hex            7%         N/A       50%         4
 Conjure Flame            Conj/Fire      1%         6-21      54%         3
 Gell's Gravitas          Tloc           0%         N/A       54%         3
 Mephitic Cloud           Conj/Pois/Air  1%         N/A       54%         3
 Swiftness                Air            1%         N/A       54%         3
 Leda's Liquefaction      Hex/Erth       4%         N/A       73%         4
 Airstrike                Air            0%         N/A       91%         4
 Petrify                  Tmut/Erth      1%         N/A       91%         4
 Metabolic Englaciation   Hex/Ice        5%         N/A       94%         5
 Silence                  Hex/Air        4%         N/A       97%         5
 Yara's Violent Unravell  Hex/Tmut       4%         3d4       97%         5
 Freezing Cloud           Conj/Ice/Air   1%         6-21      99%         5
 Lightning Bolt           Conj/Air       0%         1d11      99%         5
 Discord                  Hex            7%         N/A       100%        8


Dungeon Overview and Level Annotations

Branches:
Dungeon (13/15)            Temple (1/1) D:7             Orc (1/2) D:10
   Lair: D:8-11      Vaults: D:13-14

Altars:
Cheibriados
Fedhas
Hepliaklqana
Nemelex Xobeh
Ru
Sif Muna
Trog
Wu Jian
Xom
Yredelemnul
Zin

Shops:
D:8 :   D:9 **!   D:10 (   D:11 :

Annotations:
D:10 1 exclusion


Innate Abilities, Weirdness & Mutations

You have a pair of antennae on your head.
You are mostly covered in yellow scales. (AC +3)
You are powered by pain.
You are partially covered in sharp spines.


Message History

The boulder beetle is almost dead.
You spin and attack the boulder beetle.
You hit the boulder beetle.
The boulder beetle looks as sick as possible!
The boulder beetle is almost dead.
The boulder beetle seems less confused.
You kill the boulder beetle!
The Council accepts your kill.
Your Ice Magic skill increases to level 1!
You start resting.
HP restored.
A basilisk comes into view.
You lunge at the basilisk.
The helpless basilisk fails to defend itself.
You stick the basilisk like a pincushion!!!
You kill the basilisk!
The Council accepts your kill.
Unknown command.
You see here a basilisk corpse.
A tengu reaver comes into view. It is wielding a +0 war axe.
A tengu reaver comes into view.
It is wielding a +0 bardiche and wearing a +3 ring mail of willpower.
The tengu reaver shouts! x2; You hear a shout!
The tengu reaver gestures at you while chanting.
The bolt of poison hits you!
You are poisoned.
The tengu reaver casts a spell at you. The bolt of poison hits you!!
You are more poisoned.
You focus on the pain.
You feel agile all of a sudden.
Unknown command.
You feel extremely sick.
The tengu reaver hits you from afar with a +0 bardiche.
A yaktaur comes into view.
You feel extremely sick.
The yaktaur wields a +0 arbalest of freezing.
It is covered in frost.
The yaktaur shoots a bolt.
The bolt misses you.
You feel extremely sick. The tengu reaver casts a spell at you.
The bolt of lightning hits you!!
You die...

############
#..........##
#...†.......#
#######.##..#
##†...#.#...######
#.####.##........#
#.# ####...####.#
#@###.# #...# #.#
##.QQ# #...# #.#
#.###.# #...# #.#
#. ## #...# #<# #c
#[..# ### ## #...


You could see 2 tengu reavers.

Vanquished Creatures
  Gastronok (D:8)
  A boulder beetle (D:13)
  4 two-headed ogres
  Pikel (D:7)
  A manticore (D:10)
  2 cyclopes
  A komodo dragon (D:10)
  A kobold demonologist (D:10)
  4 trolls
  A hornet (D:8)
  A shadow (D:10)
  5 yaks
  A basilisk (D:13)
  A steam dragon (D:8)
  Menkaure (D:7)
  3 orc warriors
  4 necrophages
  3 sky beasts
  A hornet zombie (D:7)
  An ice beast (D:5)
  3 wolves
  5 centaurs
  3 lemures
  3 ogres
  3 phantoms
  A kobold brigand (D:4)
  2 bullfrogs (D:8)
  A scorpion (D:6)
  2 water moccasin skeletons
  8 wights
  10 killer bees
  An electric eel (D:10)
  5 howler monkeys
  A bullfrog zombie (D:6)
  3 centaur zombies
  A centaur skeleton (D:4)
  Crazy Yiuf (D:7)
  2 hounds
  5 jellies
  10 orc priests
  2 bullfrog skeletons
  4 iguanas
  13 orc wizards
  A scorpion zombie (D:5)
  A howler monkey zombie (D:8)
  Robin (D:3)
  11 gnolls
  6 adders
  3 white imps (D:5)
  A howler monkey simulacrum (D:10)
  2 ufetubi
  3 dart slugs
  45 orcs
  6 bats
  10 endoplasms
  6 giant cockroaches
  9 goblins
  10 hobgoblins
  8 jackals
  A quokka (D:3)
  3 ball pythons
  3 frilled lizards
  7 kobolds
  3 rats
267 creatures vanquished.

Vanquished Creatures (collateral kills)
  An orc warrior (D:9)
  A wolf (D:9)
  4 killer bees (D:9)
  A centaur zombie (D:9)
  2 orcs (D:9)
9 creatures vanquished.

Vanquished Creatures (others)
  2 fungi (D:7)
  4 toadstools (D:7)
  A withered plant (D:7)
7 creatures vanquished.

Grand Total: 283 creatures vanquished

Notes
Turn   | Place    | Note
-------+----------+-------------------------------------------
     0 | D:1      | Shayle the Demonspawn Enchanter began the quest for the
                  | Orb.
     0 | D:1      | Reached XP level 1. HP: 13/13 MP: 3/3
   519 | D:1      | Reached skill level 3 in Stealth
   726 | D:1      | Gained mutation: You sometimes gain a little power by
                  | taking damage. [demonic ancestry]
   726 | D:1      | Reached XP level 2. HP: 20/20 MP: 5/5
  1349 | D:2      | Noticed a phantom
  1587 | D:2      | Reached skill level 1 in Fighting
  1636 | D:2      | Gained mutation: You are partially covered in sharp spines.
                  | [demonic ancestry]
  1636 | D:2      | Reached XP level 3. HP: 9/26 MP: 6/6
  2093 | D:2      | Learned a level 2 spell: Ensorcelled Hibernation
  2393 | D:2      | Killed a phantom
  2394 | D:2      | Reached skill level 4 in Stealth
  2394 | D:2      | Gained mutation: You have a pair of small antennae on your
                  | head. [demonic ancestry]
  2394 | D:2      | Reached XP level 4. HP: 29/33 MP: 7/7
  2748 | D:3      | Noticed Robin
  2849 | D:3      | Reached XP level 5. HP: 38/38 MP: 4/8
  3057 | D:3      | Killed Robin
  3887 | D:4      | Noticed a phantom
  3915 | D:4      | Killed a phantom
  3916 | D:4      | Reached skill level 5 in Stealth
  3916 | D:4      | Gained mutation: You have a pair of antennae on your head.
                  | [demonic ancestry]
  3916 | D:4      | Reached XP level 6. HP: 34/46 MP: 9/9
  4379 | D:5      | Entered Level 5 of the Dungeon
  5334 | D:3      | Gained mutation: You are partially covered in yellow
                  | scales. (AC +2) [demonic ancestry]
  5334 | D:3      | Reached XP level 7. HP: 52/52 MP: 8/10
  5394 | D:3      | Reached skill level 6 in Stealth
  6013 | D:5      | Reached skill level 7 in Stealth
  6151 | D:5      | Gained mutation: You sometimes gain power by taking damage.
                  | [demonic ancestry]
  6151 | D:5      | Reached XP level 8. HP: 61/61 MP: 11/11
  6798 | D:6      | Reached skill level 5 in Dodging
  7161 | D:6      | Reached skill level 5 in Fighting
  7540 | D:6      | Reached skill level 8 in Stealth
  8407 | D:6      | Reached XP level 9. HP: 36/69 MP: 10/12
  8575 | D:7      | Found a staircase to the Ecumenical Temple.
  8584 | Temple   | Entered the Ecumenical Temple
  8793 | Temple   | Became a worshipper of the Wu Jian Council
  8923 | D:7      | Reached skill level 9 in Stealth
  9127 | D:7      | Found a basalt altar of Yredelemnul.
  9183 | D:7      | Noticed Menkaure
  9194 | D:8      | Found Lasuitic's Book Boutique.
  9654 | D:8      | Learned a level 3 spell: Confusing Touch
  9894 | D:7      | Reached skill level 10 in Stealth
  9990 | D:7      | Noticed Pikel
 10139 | D:7      | Killed Pikel
 10140 | D:7      | Reached skill level 1 in Armour
 10140 | D:7      | Reached skill level 1 in Evocations
 10224 | D:7      | Found a runed translucent door.
 10225 | D:7      | Noticed Crazy Yiuf
 10231 | D:7      | Killed Crazy Yiuf
 10714 | D:7      | Killed Menkaure
 10817 | D:9      | Found Gidet's General Store.
 10827 | D:9      | Gained mutation: You are powered by pain. [demonic
                  | ancestry]
 10827 | D:9      | Reached XP level 10. HP: 54/79 MP: 13/13
 10840 | D:9      | Reached * piety under Wu Jian
 11179 | D:8      | Noticed Gastronok
 11196 | D:8      | Killed Gastronok
 11589 | D:9      | Found Zeqyrilue's Distillery.
 11601 | D:9      | Bought a potion of might for 56 gold pieces
 11601 | D:9      | Bought a potion of heal wounds for 70 gold pieces
 11601 | D:9      | Bought a potion of attraction for 42 gold pieces
 11601 | D:9      | Bought a potion of curing for 42 gold pieces
 11601 | D:9      | Bought a potion of berserk rage for 70 gold pieces
 11601 | D:9      | Bought a potion of flight for 42 gold pieces
 11681 | D:10     | Entered Level 10 of the Dungeon
 11693 | D:10     | Found a staircase to the Orcish Mines.
 11696 | Orc:1    | Entered Level 1 of the Orcish Mines
 12073 | D:10     | Noticed a two-headed ogre
 12106 | D:10     | Killed a two-headed ogre
 12107 | D:10     | Reached skill level 1 in Long Blades
 12107 | D:10     | Gained mutation: You are mostly covered in yellow scales.
                  | (AC +3) [demonic ancestry]
 12107 | D:10     | Reached XP level 11. HP: 64/86 MP: 9/14
 12111 | D:10     | Reached ** piety under Wu Jian
 12251 | D:10     | Reached skill level 11 in Stealth
 12535 | D:10     | Noticed a green ugly thing
 12535 | D:10     | Noticed an orc knight
 12535 | D:10     | Noticed a cyan ugly thing
 12535 | D:10     | Noticed a centaur warrior
 12535 | D:10     | Noticed a centaur warrior
 12535 | D:10     | Noticed an orc knight
 12535 | D:10     | Noticed a brown ugly thing
 12535 | D:10     | Noticed a tengu warrior
 12716 | D:9      | Found Fihyptoa's General Store.
 12719 | D:9      | Reached skill level 5 in Evocations
 12795 | D:10     | Found Daolasey's Antique Weapon Emporium.
 12801 | D:10     | Bought a glowing long sword for 188 gold pieces
 12839 | D:10     | Identified the +8 plate armour "Uris" {Contam rElec rF+
                  | Str+4}
 13208 | D:11     | Noticed a two-headed ogre
 13225 | D:11     | Killed a two-headed ogre
 13260 | D:11     | Found Lodghuef's Book Shop.
 13266 | D:11     | Noticed a two-headed ogre
 13555 | D:11     | Killed a two-headed ogre
 13556 | D:11     | Reached skill level 5 in Armour
 13581 | D:11     | Noticed a skeletal warrior
 13650 | D:11     | Noticed a two-headed ogre
 13664 | D:11     | Killed a two-headed ogre
 13770 | D:11     | Noticed a skeletal warrior
 13994 | D:12     | Identified the +6 war axe of Fighy {freeze, *Rage Drain
                  | rF+++ Str+8}
 14055 | D:13     | Noticed a boulder beetle
 14080 | D:13     | Killed a boulder beetle
 14081 | D:13     | Reached skill level 1 in Ice Magic
 14110 | D:13     | Noticed a tengu reaver
 14111 | D:13     | Noticed a tengu reaver
 14116 | D:13     | Killed from afar by a tengu reaver

Illustrated notes

Levels and vault maps discovered:
D:1:      dpeg_arrival_snail, layout_basic
D:2:      layout_basic
D:3:      layout_basic, minivault_19, uniq_robin
D:4:      cheibrodos_quashed, layout_basic, minmay_manual_mail
D:5:      minmay_razor_zed, layout_loops_ring, kennysheep_generic_room_8
D:6:      layout_basic, hangedman_decor_clover_reticule
D:7:      layout_cave_pools, yredelemnul_altar_generic, temple_statues,
          minmay_gold_behind_fungi, grunt_ministairs_1, uniq_menkaure,
          uniq_crazy_yiuf_cottage, uniq_pikel
D:8:      layout_loops_corners, nicolae_stop_n_shop_1, uniq_gastronok
D:9:      layout_big_octagon, erik_lair_island, serial_shops,
          nicolae_take_the_stairs, shop, nicolae_shop_trees, grunt_ministairs_8
D:10:     minmay_the_grid_triangle_9x9_rhombus_full
          [minmay_the_grid_triangle_9x9_odd_lines,
          minmay_the_grid_triangle_9x9_pentomino_pain,
          minmay_the_grid_triangle_9x9_minimal,
          minmay_the_grid_triangle_9x9_warning,
          minmay_the_grid_triangle_9x9_negative_grid,
          minmay_the_grid_triangle_9x9_longest,
          minmay_the_grid_triangle_9x9_swiss_cheese,
          minmay_the_grid_triangle_9x9_prize_top_heavy], layout_basic,
          serial_shops, shop
D:11:     layout_rooms, serial_shops, shop, minmay_misc_feat_enclosed
D:12:     cheibrodos_frozen_isle, layout_irregular_city, serial_shops,
          nicolae_shop_stone
D:13:     minmay_mutant_horseshoe, layout_basic, david_vaults_1
Temple:   regret_index_temple_sigil_plot
Orc:1:    layout_diamond_mine, nicolae_orc_lava_room

Skill      XL: |  1  2  3  4  5  6  7  8  9 10 11 |
---------------+----------------------------------+-----
Stealth        | 3 4 5 7 8 10 11 | 11.4
Dodging        | 2 3 4 5 6 7 8 |  8.5
Fighting       | 1 2 3 4 5 7 8 9 |  9.0
Armour         | 1 4 5 |  5.4
Evocations     | 1 4 5 |  5.9
Long Blades    | 1 3 |  3.4
Ice Magic      | 1 |  1.2
Short Blades   | |  0.8
Spellcasting   | |  2.0
Hexes          | |  3.4

Action                   |  1- 3 |  4- 6 |  7- 9 | 10-12 || total
-------------------------+-------+-------+-------+-------++-------
Melee: Dagger            |   193 |    73 |       |       ||   266
       Hand axe          |       |    20 |       |       ||    20
       Rapier            |       |    36 |   260 |   253 ||   549
 Cast: Ensorcelled Hiber |       |    13 |    33 |     6 ||    52
       Confusing Touch   |       |       |     4 |     5 ||     9
Invok: Lunge             |       |       |    10 |    31 ||    41
       Whirlwind         |       |       |       |    61 ||    61
 Abil: Wall Jump         |       |       |       |     2 ||     2
Evoke: Wand              |       |       |     5 |     9 ||    14
  Use: Scroll            |       |    12 |    10 |     3 ||    25
       Potion            |       |       |     1 |       ||     1
 Stab: Sleeping          |     4 |    16 |    19 |     7 ||    46
       Distracted        |       |     1 |     3 |     1 ||     5
       Confused          |       |       |     1 |     3 ||     4
Armor: Robe              |    10 |       |       |       ||    10
       Leather armour    |    56 |    47 |   109 |   152 ||   364
Dodge: Dodged            |   132 |    72 |   192 |   225 ||   621

Table legend: (Time is in decaauts)
 A = Elapsed time spent in this place.
 B = Non-inter-level travel time spent in this place.
 C = Inter-level travel time spent in this place.
 D = Time resting spent in this place.
 E = Time spent auto-exploring this place.
 F = Levels seen in this place.
 G = Mean time per level.
                   A        B        C        D        E       F      G
               +--------+--------+--------+--------+--------+-----+--------+
         Total |  14221 |  13514 |    707 |   3485 |   5515 |  15 |  948.1 |
       Dungeon |  13624 |  12951 |    673 |   3211 |   5357 |  13 | 1048.0 |
        Temple |    328 |    313 |     15 |    274 |     28 |   1 |  328.0 |
  Orcish Mines |    268 |    249 |     19 |      0 |    130 |   1 |  268.0 |
               +--------+--------+--------+--------+--------+-----+--------+

Top non-repeatable levels by time:
     D:5: 2140 daAuts
     D:2: 1796 daAuts
     D:8: 1477 daAuts
     D:6: 1403 daAuts
    D:10: 1264 daAuts
     D:3: 1207 daAuts
     D:1: 1156 daAuts
     D:7: 1040 daAuts
     D:4: 1034 daAuts
    D:11: 649 daAuts
  Temple: 328 daAuts
   Orc:1: 268 daAuts
    D:12: 192 daAuts
     D:9: 190 daAuts
    D:13: 71 daAuts
